 Dungeon Crawl Stone Soup version 0.25-a0-258-g6d7e32a (webtiles) character file.

Game seed: 12764107094413112951, levelgen mode: deterministic

6352 JeffiDaFish the Thaumaturge (level 10, -2/79 HPs)
             Began as a Mummy Necromancer on Dec 7, 2019.
             Slain by a shadow (4 damage)
             ... on level 10 of the Dungeon.
             The game lasted 00:34:03 (15097 turns).

JeffiDaFish the Thaumaturge (Mummy Necromancer)    Turns: 15097, Time: 00:34:03

Health: -2/79      AC: 11    Str: 13    XL:     10   Next: 65%
Magic:  27/27      EV: 12    Int: 24    God:
Gold:   488        SH:  0    Dex: 15    Spells: 15/35 levels left

rFire    . . .     SeeInvis .   b - +3 rapier
rCold    + . .     Gourm    .   (no shield)
rNeg     + + +     Faith    .   q - +2 robe {MR+}
rPois    ∞         Spirit   .   c - +2 helmet "Zucy" {*Corrode rPois MR+ Int+7}
rElec    .         Reflect  .   (no cloak)
rCorr    .         Harm     .   g - +0 pair of gloves
MR       +++..                  p - +2 pair of boots {Stlth+}
Stlth    +++.......             (no amulet)
HPRegen  0.23/turn              n - +3 ring of dexterity
MPRegen  0.20/turn              o - ring of protection from fire

@: about to teleport
A: no food or potions, fire vulnerability, cold resistance 1, negative energy
resistance 3, torment resistance, unbreathing
a: no special abilities


You were on level 10 of the Dungeon.
You were not hungry.

You visited 2 branches of the dungeon, and saw 12 of its levels.
You also visited: Ossuary.

You collected 488 gold pieces.

Inventory:

Hand Weapons
 b - a +3 rapier (weapon)
Armour
 c - the +2 helmet "Zucy" (worn) {*Corrode rPois MR+ Int+7}
   (You found it on level 6 of the Dungeon)

   It affects your intelligence (+7).
   It protects you from poison.
   It affects your resistance to hostile enchantments.
   It may corrode you when you take damage.
 g - a +0 pair of gloves (worn)
 i - a +0 buckler
 p - a +2 pair of boots of stealth (worn)
 q - a +2 robe of magic resistance (worn)
Jewellery
 n - a +3 ring of dexterity (left hand)
 o - a ring of protection from fire (right hand)
 r - an uncursed amulet of faith
 x - an uncursed ring of protection from fire
Wands
 t - a wand of digging (6)
 w - a wand of iceblast (21)
Scrolls
 a - 2 scrolls of amnesia
 d - a scroll of fog
 e - 3 scrolls of random uselessness {unknown}
 f - 10 scrolls of remove curse
 j - 3 scrolls of fear
 l - a scroll of magic mapping
 m - 2 scrolls of enchant armour {unknown}
 s - a scroll of teleportation
 u - a scroll of vulnerability {unknown}
 v - 2 scrolls of identify


   Skills:
 - Level 7.0 Fighting
 - Level 1.5 Dodging
 - Level 1.5 Stealth
 + Level 3.0 Shields
 + Level 13.3 Spellcasting
 * Level 9.2 Necromancy


You had 15 spell levels left.
You knew the following spells:

 Your Spells              Type           Power        Failure   Level  Hunger
a - Pain                  Necr           ####         1%          1    N/A
b - Animate Skeleton      Necr           N/A          1%          1    N/A
c - Vampiric Draining     Necr           ######....   1%          3    N/A
d - Animate Dead          Necr           N/A          1%          4    N/A
e - Death Channel         Necr           ######....   13%         6    N/A
f - Borgnjor's Vile Clut  Necr/Erth      #####.....   16%         5    N/A

Your spell library contained the following spells:

 Spells                   Type           Power        Failure   Level  Hunger
 Recall                   Summ/Tloc      N/A          11%         3    N/A
 Simulacrum               Ice/Necr       #####.....   65%         6    N/A
 Regeneration             Chrm/Necr      Unusable     N/A         3    N/A

Dungeon Overview and Level Annotations

Branches:
Dungeon (11/15)            Temple (1/1) D:6         Ossuary (visited)
   Lair: D:8-11         Orc: D:9-12

Altars:
Ashenzari
Cheibriados
Dithmenos
Elyvilon
Fedhas
Gozag
Hepliaklqana
Makhleb
Nemelex Xobeh
Okawaru
Qazlal
Ru
Sif Muna
Trog
Uskayaw
Vehumet
Wu Jian
Xom
Yredelemnul
Zin
The Shining One

Annotations:
D:6 3 runed translucent doors, bepisman's ghost, amateur DgFi


Innate Abilities, Weirdness & Mutations

You do not eat or drink.
Your flesh is vulnerable to fire.
You are immune to poison.
Your flesh is cold resistant. (rC+)
You are immune to negative energy. (rN+++)
You are immune to unholy pain and torment.
You can survive without breathing.


Message History

* * * LOW HITPOINT WARNING * * *
Reactivating autopickup.
The shadow hits you.
* * * LOW HITPOINT WARNING * * *
You hit the shadow but do no damage.
The shadow is severely damaged.
The shadow barely misses you.
The shadow slips into darkness.
The shadow flickers and vanishes!
Deactivating autopickup; reactivate with Ctrl-A.
There is a stone staircase leading up here.
The shadow strikes at you from the darkness!
* * * LOW HITPOINT WARNING * * *
Reactivating autopickup.
You climb upwards.
There is a stone staircase leading down here.
You can't drink.
As you read the scroll of teleportation, it crumbles to dust.
You feel strangely unstable. The shadow hits you.
You die...

.###### #.# #.# #.# .#
#.# #.# #.# .# #.# #.#
#.# .# #.# #.# #.#
.###############.###.#
#.#
.....................#
#.#
..................####
#.#
..........[......W#
#######.#
................@.#
#........
.....##############
#.####### .....# #.#
.##+## #.# .##.# #.#
.##.# #.# +##.# #.#
....#
################.#
....#
#.......#.....Z..#


You could see a shadow.

Vanquished Creatures
  A two-headed ogre (D:10)
  Pikel (D:9)
  A queen bee (D:10)
  A hippogriff (D:9)
  Sigmund (D:2)
  A wyvern (D:8)
  A hungry ghost (D:9)
  Edmund (D:6)
  4 slaves (D:9)
  2 orc warriors
  A hornet zombie (D:7)
  2 phantoms
  2 necrophages
  3 ogres
  4 centaurs
  2 big kobolds
  5 bullfrogs
  3 scorpions
  17 killer bees
  A howler monkey (D:5)
  A bullfrog zombie (D:8)
  5 centaur zombies
  6 hounds
  2 bullfrog skeletons
  4 orc priests
  An iguana (D:9)
  An iron imp (D:7)
  Natasha (thrice) (D:2)
  6 orc wizards
  4 worker ants
  A killer bee zombie (D:7)
  3 big kobold zombies (Ossuary)
  A hound skeleton (D:9)
  4 mummies (Ossuary)
  3 worker ant zombies
  3 gnolls
  7 adders
  An ooze (D:4)
  An adder zombie (D:10)
  3 worms
  5 leopard geckos
  41 orcs
  4 bats
  12 giant cockroaches
  2 gnoll zombies (Ossuary)
  4 goblins
  5 hobgoblins
  4 jackals
  19 kobolds
  5 quokkas
  2 ball pythons
  10 frilled lizards
  A leopard gecko zombie (D:6)
  A quokka skeleton (D:4)
  6 rats
235 creatures vanquished.

Vanquished Creatures (collateral kills)
  Prince Ribbit (D:5)
  A water moccasin (D:8)
  A centaur (D:10)
  A phantom (D:4)
  A bullfrog (D:8)
  A centaur zombie (D:9)
  A bullfrog skeleton (D:4)
  An iguana (D:8)
  A worker ant (D:10)
  A hound skeleton (D:8)
  An ooze (D:6)
  A giant cockroach (D:1)
  2 hobgoblins (D:1)
  3 jackals (D:8)
  A quokka zombie (D:3)
18 creatures vanquished.

Vanquished Creatures (others)
  An orc wizard (D:6)
1 creature vanquished.

Grand Total: 254 creatures vanquished

Notes
Turn   | Place    | Note
-------+----------+-------------------------------------------
     0 | D:1      | JeffiDaFish the Mummy Necromancer began the quest for the
                  | Orb.
     0 | D:1      | Reached XP level 1. HP: 13/13 MP: 4/4
    79 | D:1      | Learned a level 1 spell: Animate Skeleton
   117 | D:1      | Reached skill level 3 in Spellcasting
   121 | D:1      | Reached XP level 2. HP: 12/19 MP: 0/6
  1043 | D:2      | Noticed Natasha
  1051 | D:2      | Killed Natasha
  1051 | D:2      | Reached skill level 1 in Fighting
  1051 | D:2      | Reached XP level 3. HP: 3/26 MP: 1/8
  1084 | D:2      | Learned a level 3 spell: Vampiric Draining
  1353 | D:2      | Reached skill level 4 in Spellcasting
  1375 | D:2      | Noticed Natasha
  1463 | D:2      | Noticed Sigmund
  2063 | D:2      | Reached XP level 4. HP: 29/32 MP: 10/10
  2360 | D:2      | Killed Natasha
  2791 | D:2      | Killed Sigmund
  2791 | D:2      | Reached skill level 5 in Spellcasting
  2791 | D:2      | Reached skill level 5 in Necromancy
  2791 | D:2      | Reached XP level 5. HP: 15/39 MP: 0/13
  2791 | D:2      | Reached XP level 6. HP: 18/46 MP: 0/14
  2821 | D:2      | Noticed Natasha
  2833 | D:2      | Killed Natasha
  3244 | D:2      | Learned a level 4 spell: Animate Dead
  3369 | D:3      | Reached skill level 6 in Spellcasting
  4824 | D:4      | Reached XP level 7. HP: 40/52 MP: 9/17
  5371 | D:4      | Reached skill level 7 in Spellcasting
  5720 | D:5      | Entered Level 5 of the Dungeon
  6341 | D:5      | Found a shimmering blue altar of Sif Muna.
  6342 | D:5      | Noticed Prince Ribbit
  6352 | D:5      | Killed Prince Ribbit
  6352 | D:5      | Reached skill level 8 in Spellcasting
  6405 | D:5      | Reached XP level 8. HP: 37/60 MP: 15/20
  7181 | D:6      | Found a sand-covered staircase.
  7215 | D:6      | Reached skill level 9 in Spellcasting
  7218 | Ossuary  | Entered an ossuary
  7789 | Ossuary  | Reached skill level 5 in Fighting
  8534 | D:6      | Found a runed translucent gate.
  8534 | D:6      | Found a runed translucent gate.
  8536 | D:6      | Found a runed translucent gate.
  8540 | D:6      | Noticed bepisman's ghost (amateur DgFi)
  8546 | D:6      | Got a dazzling helmet
  8557 | D:6      | Identified the +2 helmet "Zucy" {*Corrode rPois MR+ Int+7}
                  | (You found it on level 6 of the Dungeon)
  8885 | D:6      | Noticed Edmund
  8897 | D:6      | Killed Edmund
  8897 | D:6      | Reached skill level 10 in Spellcasting
  9225 | D:6      | Found a staircase to the Ecumenical Temple.
  9234 | Temple   | Entered the Ecumenical Temple
  9547 | D:7      | Reached XP level 9. HP: 46/68 MP: 7/23
 10305 | D:7      | Found a white marble altar of Elyvilon.
 10570 | D:7      | Found a shimmering altar of Xom.
 10598 | D:7      | Found a snail-covered altar of Cheibriados.
 11079 | D:8      | Reached skill level 11 in Spellcasting
 11850 | D:9      | Found a sparkling altar of Nemelex Xobeh.
 12326 | D:9      | Reached skill level 12 in Spellcasting
 12909 | D:9      | Reached XP level 10. HP: 68/79 MP: 9/26
 12955 | D:9      | Reached skill level 1 in Shields
 12983 | D:9      | Noticed Pikel
 13126 | D:9      | Killed Pikel
 13314 | D:10     | Entered Level 10 of the Dungeon
 13326 | D:10     | Found a burning altar of Makhleb.
 13450 | D:10     | Noticed a two-headed ogre
 13462 | D:10     | Killed a two-headed ogre
 13650 | D:10     | Reached skill level 13 in Spellcasting
 14929 | D:10     | Identified a scroll of acquirement
 14938 | D:10     | Learned a level 6 spell: Death Channel
 14944 | D:10     | Learned a level 5 spell: Borgnjor's Vile Clutch
 15095 | D:11     | HP: 2/79 [something (7)]
 15097 | D:10     | Slain by a shadow

Levels and vault maps discovered:
D:1:      scummos_arrival_star, layout_rooms
D:2:      minmay_diamond_boxcup, layout_basic, grunt_decor_resistance,
          uniq_natasha, uniq_sigmund
D:3:      layout_loops_ring
D:4:      layout_cave_pools, grunt_ministairs_4
D:5:      layout_loops_ring, lemuel_round_altar, first_ration,
          uniq_prince_ribbit1
D:6:      minmay_razor_zed, layout_basic, temple_hall,
          gammafunk_ghost_necromancy, nicolae_ossuary_entry_plus, uniq_edmund
D:7:      layout_loops_ring, elyvilon_altar_5, xom_teletrap_fun, slow_altar_1
D:8:      layout_gridville
D:9:      layout_basic, nicolae_overflow_hidden_temple, uniq_pikel
D:10:     layout_basic, david_nohive_1, bloody_makhleb
D:11:     layout_rooms, lair_entry_dummy, minmay_alternating_orb
Temple:   regret_index_temple_sphere_string

Skill      XL: |  1  2  3  4  5  6  7  8  9 10 |
---------------+-------------------------------+-----
Spellcasting   | 3 4 5 6 8 10 12 13 | 13.3
Fighting       | 1 2 3 4 5 7 |  7.0
Necromancy     | 5 6 7 8 9 |  9.2
Shields        | 3 |  3.0
Dodging        | |  1.5
Stealth        | |  1.5

Action                   |  1- 3 |  4- 6 |  7- 9 | 10-12 || total
-------------------------+-------+-------+-------+-------++-------
Melee: Dagger            |    88 |    10 |       |       ||    98
       Rapier            |       |    99 |   448 |   125 ||   672
 Cast: Pain              |    59 |    48 |    66 |    35 ||   208
       Animate Skeleton  |    10 |     9 |       |       ||    19
       Vampiric Draining |     2 |    13 |    59 |    37 ||   111
       Animate Dead      |       |     8 |    29 |    10 ||    47
Evoke: Wand              |       |       |     2 |       ||     2
  Use: Scroll            |     3 |     5 |     7 |     3 ||    18
 Stab: Sleeping          |     3 |     3 |    11 |     3 ||    20
       Distracted        |       |     1 |       |     1 ||     2
Armor: Robe              |    16 |    21 |   128 |    60 ||   225
Dodge: Dodged            |    55 |    84 |   339 |   131 ||   609

Table legend:
 A = Non-vault XP
 B = Vault XP
 C = Vault XP percentage of total XP
 D = Non-vault monster count
 E = Vault monster count
 F = Vault count percentage of total count
                 A         B        C        D         E       F
            +---------+---------+-------+---------+---------+-------
      Total |    6025 |    3050 |  33.6 |     203 |      47 |  18.8
            +---------+---------+-------+---------+---------+-------
        D:1 |      33 |       0 |   0.0 |      22 |       0 |   0.0
        D:2 |     117 |     273 |  70.0 |      19 |       9 |  32.1
        D:3 |     138 |       0 |   0.0 |      29 |       0 |   0.0
        D:4 |     325 |       0 |   0.0 |      21 |       0 |   0.0
        D:5 |     514 |     233 |  31.2 |      23 |       1 |   4.2
        D:6 |     367 |     386 |  51.3 |      11 |       8 |  42.1
        D:7 |     608 |      40 |   6.2 |      11 |       1 |   8.3
        D:8 |     884 |       0 |   0.0 |      17 |       0 |   0.0
        D:9 |    1711 |     663 |  27.9 |      37 |       1 |   2.6
       D:10 |    1162 |    1167 |  50.1 |      11 |      15 |  57.7
       D:11 |     166 |       0 |   0.0 |       2 |       0 |   0.0
    Ossuary |       0 |     288 | 100.0 |       0 |      12 | 100.0
            +---------+---------+-------+---------+---------+-------
